 Dungeon Crawl Stone Soup version 0.17-a0-1945-gfe993df (webtiles) character file.

46 mcbry74 the Magician (level 3, -1/19 HPs)
             Began as a Deep Elf Wizard on Sept 30, 2015.
             Slain by a gnoll
             ... wielding a +0 whip
              (4 damage)
             ... on level 2 of the Dungeon.
             The game lasted 00:14:34 (1575 turns).

mcbry74 the Magician (Deep Elf Wizard)              Turns: 1575, Time: 00:14:34

Health: -1/19      AC:  2    Str:  5    XL:     3   Next: 46%
Magic:  2/12       EV: 12    Int: 22    God:
Gold:   54         SH:  0    Dex: 13    Spells: 5 memorised, 2 levels left

rFire  + . .     SeeInvis .     i - +0 dagger
rCold  x . .     Clarity  .     a - +0 robe
rNeg   . . .     SustAt   .     (no shield)
rPois  .         Gourm    .     b - +0 hat
rElec  .         Spirit   .     (no cloak)
rCorr  .         Warding  .     (no gloves)
rMut   .         Stasis   .     (no boots)
MR     .....                    (no amulet)
Stlth  ++........               (no ring)
                                l - ring of fire

@: not resistant to hostile enchantments, unstealthy
A: no striking features
a: no special abilities


You were on level 2 of the Dungeon.
You were not hungry.

You visited 1 branch of the dungeon, and saw 2 of its levels.

You collected 54 gold pieces.

Inventory:

Hand weapons
 i - a +0 dagger (weapon)
Missiles
 e - 73 stones (quivered)
Armour
 a - a +0 robe (worn)
 b - a +0 hat (worn)
Jewellery
 l - a ring of fire (left hand)
Potions
 h - a potion of curing {unknown}
 j - a potion of haste
 k - a potion of cancellation {unknown}
 n - a potion of flight {unknown}
Books
 c - a book of Minor Magic

   Spells                             Type                      Level
   a - Magic Dart                     Conjuration                  1
   b - Blink                          Translocation                2
   c - Call Imp                       Summoning                    2
   d - Repel Missiles                 Charms/Air                   2
   e - Slow                           Hexes                        2
   f - Conjure Flame                  Conjuration/Fire             3
   g - Mephitic Cloud                 Conjuration/Poison/Air       3
Comestibles
 d - a bread ration
 f - a meat ration
 g - 9 fruits
 m - 2 chunks of flesh


   Skills:
 + Level 0.9 Throwing
 + Level 2.5 Dodging
 + Level 2.7 Stealth
 * Level 5.7 Spellcasting
 + Level 1.4 Conjurations
 + Level 1.2 Summonings
 + Level 1.1 Translocations


You had 2 spell levels left.
You knew the following spells:

 Your Spells              Type           Power        Failure   Level  Hunger
a - Magic Dart            Conj           ##..         8%          1    None
b - Call Imp              Summ           ##......     10%         2    None
c - Blink                 Tloc           N/A          10%         2    None
d - Mephitic Cloud        Conj/Pois/Air  #.......     28%         3    ##.....
e - Conjure Flame         Conj/Fire      ##......     21%         3    ##.....


Dungeon Overview and Level Annotations

Branches:
Dungeon (2/15)

Altars:


Message History

Aim: a gnoll, wielding a whip (almost dead)
You throw a stone.
The stone hits the gnoll but does no damage.
The gnoll is almost dead.
You barely miss the gnoll.
The gnoll is almost dead.
The gnoll hits you with a whip.
You closely miss the gnoll.
The gnoll is almost dead.
The gnoll hits you with a whip!
You hit the gnoll but do no damage.
The gnoll is almost dead.
Your magical contamination has completely faded away.
You hit the gnoll but do no damage.
The gnoll is almost dead.
The gnoll hits you from afar with a spear.
* * * LOW HITPOINT WARNING * * *
The gnoll misses you. The gnoll hits you with a whip.
You die...

# # .#. #.# # #.# #
######## #.#######
#.g.g@.# #........
#.####.#######.#######
#.# #.........##### #
#g# #.............###
#(# ##.######.###....
#(# #.######.##.....
#.# #.....##†.......
#(# #####.#####...##
#)#########.####..>.#


You could see 2 gnolls.

Vanquished Creatures
  A gnoll (D:2)
  4 bats
  A giant cockroach (D:1)
  3 hobgoblins (D:1)
  A jackal (D:1)
  3 kobolds (D:1)
  2 giant geckos (D:1)
  2 giant newts (D:1)
  7 goblins
  5 rats
29 creatures vanquished.

Vanquished Creatures (collateral kills)
  3 hobgoblins (D:1)
  2 jackals (D:1)
  A kobold (D:1)
  A bat (D:1)
7 creatures vanquished.

Grand Total: 36 creatures vanquished

Notes
Turn   | Place    | Note
--------------------------------------------------------------
     0 | D:1      | mcbry74 the Deep Elf Wizard began the quest for the Orb.
     0 | D:1      | Reached XP level 1. HP: 10/10 MP: 7/7
   337 | D:1      | Reached skill level 5 in Spellcasting
   353 | D:1      | Reached XP level 2. HP: 12/15 MP: 5/10
   357 | D:1      | Learned a level 2 spell: Call Imp
   360 | D:1      | Learned a level 2 spell: Blink
  1049 | D:1      | Reached XP level 3. HP: 19/19 MP: 7/11
  1054 | D:1      | Learned a level 3 spell: Mephitic Cloud
  1058 | D:1      | Learned a level 3 spell: Conjure Flame
  1575 | D:2      | Slain by a gnoll

Vault maps used:
D:1:      ncdulo_lavacross
D:2:      lemuel_round_altar, lemuel_doored_altar, first_bread, uniq_jessica

Action                   || total
-------------------------++-------
Melee: Dagger            ||    12
Throw: Stone             ||    54
 Cast: Magic Dart        ||    56
       Call Imp          ||     4
       Mephitic Cloud    ||     2
       Conjure Flame     ||     1
  Use: Potion            ||     1
  Eat: Chunk             ||     2
